[Event "ICC tourney 2533 (25 5)"]
[Site "Internet Chess Club"]
[Date "2021.04.24"]
[Round "1"]
[White "ROMAN, DANIEL:K09-14934138"]
[Black "VENIGALLA, THAMAN:K09-15782351"]
[Result "1-0"]
[ICCResult "Black checkmated"]
[WhiteElo "1372"]
[BlackElo "242"]
[Opening "Ruy Lopez: Anderssen variation"]
[ECO "C77"]
[NIC "RL.12"]
[Time "11:01:52"]
[PlyCount "119"]
[TimeControl "1500+5"]

1. e4 e5 2. Nf3 Nc6 3. Bb5 a6 4. Ba4 Nf6 5. d3 b5 6. Bb3 Bc5 7. O-O O-O 8.
Bg5 h6 9. Bh4 d6 10. h3 Nd4 11. Nbd2 Nxb3 12. Nxb3 Bb6 13. Re1 Be6 14. c3
Rc8 15. d4 exd4 16. cxd4 g5 17. Bg3 Nh5 18. Bh2 Bd7 19. Nfd2 Ng7 20. Nf1
Re8 21. Qf3 Re7 22. Ne3 Qe8 23. Nd5 Re6 24. Nf6+ Rxf6 25. Qxf6 Qe6 26. Qxe6
fxe6 27. Rac1 Rf8 28. Red1 d5 29. Bxc7 Bxc7 30. Rxc7 Rd8 31. Nc5 Be8 32. f3
dxe4 33. fxe4 Bh5 34. Rd2 e5 35. d5 Ne8 36. Rd7 Rc8 37. b4 a5 38. a3 axb4
39. axb4 Nf6 40. Re7 Ra8 41. Rf2 Nh7 42. Rxe5 Ra1+ 43. Rf1 Ra8 44. d6 Rd8
45. d7 Nf8 46. Rd5 Bf7 47. Rd2 Bc4 48. Rfd1 Kf7 49. Nb7 Ke7 50. Nxd8 Kxd8
51. Rd6 Be6 52. Kf2 Bxd7 53. e5 Ke7 54. Rxh6 Ne6 55. Rh7+ Kd8 56. Rdxd7+
Ke8 57. Rde7+ Kd8 58. Rxe6 g4 59. Ra6 gxh3 60. Ra8# { Black checkmated }
1-0

[Event "ICC tourney 2533 (25 5)"]
[Site "Internet Chess Club"]
[Date "2021.04.24"]
[Round "1"]
[White "SMARAN JAINI, KRISHIV:K09-16268124"]
[Black "DAVID NAKADA, JOHJI:K09-15202138"]
[Result "0-1"]
[ICCResult "White checkmated"]
[WhiteElo "806"]
[BlackElo "1869"]
[Opening "Queen's pawn game, Darooha variation "]
[ECO "D02"]
[NIC "QP.06"]
[Time "11:06:58"]
[PlyCount "114"]
[TimeControl "1500+5"]

1. d4 Nf6 2. Nf3 d5 3. g3 e6 4. Bg2 Bd6 5. Bf4 Bxf4 6. gxf4 b6 7. e3 c5 8.
Nc3 Ba6 9. Na4 O-O 10. dxc5 bxc5 11. Nxc5 Qa5+ 12. c3 Qxc5 13. b4 Qxc3+ 14.
Nd2 Qxb4 15. Rb1 Qd6 16. e4 dxe4 17. Nxe4 Qxd1+ 18. Rxd1 Nd5 19. Nc5 Bb5
20. a4 Bc6 21. f5 Nd7 22. Nxd7 Bxd7 23. fxe6 fxe6 24. O-O Bxa4 25. Ra1 Bb5
26. Rfe1 Kf7 27. f4 g6 28. h4 a6 29. h5 Rac8 30. Bh3 Nxf4 31. Bg4 gxh5 32.
Bd1 Rc3 33. Kf2 Nd3+ 34. Ke2 Nxe1+ 35. Kxe1 h4 36. Kd2 Rd3+ 37. Kc2 Rg8 38.
Be2 Rg2 39. Rf1+ Ke7 40. Re1 Re3 41. Kc1 Rexe2 42. Rd1 Rc2+ 43. Kb1 Rb2+
44. Ka1 h3 45. Rd7+ Kf6 46. Rf7+ Kg5 47. Rf5+ Kg4 48. Rf4+ Kg3 49. Rf3+ Kg4
50. Rf4+ Kh5 51. Rh4+ Kg5 52. Rg4+ Rxg4 53. Kxb2 h2 54. Kc3 h1=Q 55. Kd2
Qh3 56. Kd1 Rg2 57. Ke1 Qh1# { White checkmated } 0-1

[Event "ICC tourney 2533 (25 5)"]
[Site "Internet Chess Club"]
[Date "2021.04.24"]
[Round "1"]
[White "FRANCISCO VARELA, CARLOS:K09-16399805"]
[Black "BATRA, ANSH:K09-16342642"]
[Result "1-0"]
[ICCResult "Black checkmated"]
[WhiteElo "2011"]
[BlackElo "883"]
[Opening "Sicilian: dragon, Yugoslav attack, 9.Bc4"]
[ECO "B77"]
[NIC "SI.18"]
[Time "11:03:06"]
[PlyCount "81"]
[TimeControl "1500+5"]

1. e4 c5 2. Nf3 d6 3. d4 cxd4 4. Nxd4 Nf6 5. Nc3 g6 6. Be3 Bg7 7. f3 O-O 8.
Qd2 Nc6 9. Bc4 Ne5 10. Bb3 a6 11. g4 b5 12. Bh6 Bxh6 13. Qxh6 Bd7 14. h4 b4
15. Nd5 e6 16. Nf4 Qb6 17. O-O-O Rac8 18. h5 d5 19. hxg6 Nxg6 20. g5 Qd6
21. Nxg6 fxg6 22. gxf6 Rf7 23. Rdg1 Qf8 24. Rxg6+ Kh8 25. exd5 Qxh6+ 26.
Rgxh6 Rc7 27. dxe6 Bxe6 28. Bxe6 Rf8 29. f7 Rfxf7 30. Bxf7 Rxf7 31. Ne6 Re7
32. Ng5 Rg7 33. Rxh7+ Rxh7 34. Rxh7+ Kg8 35. c4 Kf8 36. c5 Ke8 37. Ne6 b3
38. axb3 a5 39. c6 a4 40. c7 a3 41. c8=Q# { Black checkmated } 1-0

[Event "ICC tourney 2533 (25 5)"]
[Site "Internet Chess Club"]
[Date "2021.04.24"]
[Round "1"]
[White "BRUM, CHARLES:K09-30020736"]
[Black "MAHESHWARI, JAYANT:K09-14966376"]
[Result "0-1"]
[ICCResult "White checkmated"]
[WhiteElo "910"]
[BlackElo "2059"]
[Opening "Giuoco Piano"]
[ECO "C54"]
[NIC "IG.02"]
[Time "11:02:26"]
[PlyCount "58"]
[TimeControl "1500+5"]

1. e4 e5 2. Nf3 Nc6 3. Bc4 Bc5 4. c3 Nf6 5. d3 d6 6. Nbd2 a5 7. O-O O-O 8.
Nb3 Bb6 9. Be3 Bxe3 10. fxe3 Ne7 11. h3 c6 12. Nbd2 Qb6 13. d4 Ng6 14. Qb3
Qc7 15. d5 b5 16. Bd3 a4 17. Qb4 c5 18. Qxb5 Ba6 19. Qxa6 Rxa6 20. Bxa6 Qb6
21. Bd3 Qxb2 22. c4 Qc3 23. Ng5 Qxd3 24. Ngf3 Qxe3+ 25. Kh2 Nxe4 26. Nxe4
Qxe4 27. Nd2 Qe2 28. Rad1 Nf4 29. Rfe1 Qxg2# { White checkmated } 0-1

[Event "ICC tourney 2533 (25 5)"]
[Site "Internet Chess Club"]
[Date "2021.04.24"]
[Round "1"]
[White "WILSON, RONEN:K09-15349011"]
[Black "MUTHUKUMARAN, ARJUN:K09-30018527"]
[Result "1-0"]
[ICCResult "Black checkmated"]
[WhiteElo "2079"]
[BlackElo "914"]
[Opening "Sicilian: Hungarian variation"]
[ECO "B27"]
[NIC "SI.43"]
[Time "11:01:42"]
[PlyCount "117"]
[TimeControl "1500+5"]

1. e4 c5 2. Nf3 g6 3. d4 cxd4 4. Qxd4 Nf6 5. Nc3 Nc6 6. Qa4 d6 7. e5 dxe5
8. Nxe5 Bd7 9. Nxd7 Qxd7 10. Be3 Bg7 11. Rd1 Qg4 12. Qb3 Qb4 13. Qxb4 Nxb4
14. Bb5+ Nc6 15. Ke2 O-O 16. f3 Nb4 17. Bc5 Nc6 18. Kf2 Rfe8 19. Rhe1 e6
20. g4 g5 21. Rd2 a6 22. Bxc6 bxc6 23. Bd4 Rad8 24. Red1 Nd5 25. Bxg7 Kxg7
26. Ne4 h6 27. c4 Rb8 28. cxd5 cxd5 29. Nc5 Rb6 30. a3 a5 31. Rc2 Rc8 32.
Nxe6+ Rxe6 33. Rxc8 Rb6 34. Rc2 Rd6 35. Rc5 Rb6 36. Rd2 a4 37. Rcxd5 Ra6
38. R5d4 Ra7 39. Rb4 Ra6 40. Rdd4 Rc6 41. Re4 Rd6 42. Rxa4 Rb6 43. b4 Rb5
44. Ra7 Rb6 45. a4 Rd6 46. Ree7 Rf6 47. b5 Kg6 48. a5 Rd6 49. Ra6 Rxa6 50.
bxa6 Kf6 51. Rc7 Ke6 52. a7 Kd6 53. Rxf7 Kd5 54. a8=Q+ Kd4 55. Qe4+ Kc5 56.
Rc7+ Kd6 57. Rc6+ Kd7 58. Qe6+ Kd8 59. Rc8# { Black checkmated } 1-0

[Event "ICC tourney 2533 (25 5)"]
[Site "Internet Chess Club"]
[Date "2021.04.24"]
[Round "1"]
[White "KIM, CALVIN:K09-16320250"]
[Black "JAMES, MATTHEW:K09-16417961"]
[Result "0-1"]
[ICCResult "White checkmated"]
[WhiteElo "778"]
[BlackElo "1820"]
[Opening "French defense"]
[ECO "C00"]
[NIC "FR.01"]
[Time "11:03:26"]
[PlyCount "126"]
[TimeControl "1500+5"]

1. e4 e6 2. Nf3 d5 3. exd5 exd5 4. Nc3 Nf6 5. Bd3 Bc5 6. O-O O-O 7. h3 Nc6
8. Re1 Be6 9. b3 Qd7 10. Bb5 Qd8 11. Bxc6 bxc6 12. Na4 Bd6 13. Bb2 Ne4 14.
d3 Ng5 15. Nc3 Re8 16. Bc1 Nxf3+ 17. Qxf3 Bg4 18. Rxe8+ Qxe8 19. Qe3 d4 20.
Qxe8+ Rxe8 21. Ne4 Bd1 22. Bb2 Bxc2 23. Nxd6 cxd6 24. Bxd4 c5 25. Bc3 Bxd3
26. b4 cxb4 27. Bxb4 d5 28. Rc1 Bc4 29. a4 f5 30. Bc5 a6 31. a5 Kf7 32. Bd4
Rb8 33. Bb6 Ke6 34. Bd4 Kf7 35. Bb6 Rc8 36. Re1 Rc6 37. Bd8 Re6 38. Rb1 Bb5
39. Bb6 Re4 40. Rc1 Bc4 41. Be3 d4 42. Rxc4 dxe3 43. Rxe4 fxe4 44. fxe3 Ke6
45. Kf2 Kd5 46. Ke1 Kc4 47. Kd2 Kb4 48. Kc2 Kxa5 49. g4 Kb4 50. Kb2 a5 51.
h4 a4 52. g5 Kc4 53. h5 Kd3 54. g6 hxg6 55. hxg6 Kxe3 56. Kc2 a3 57. Kb1
Kd2 58. Ka2 e3 59. Ka1 e2 60. Ka2 Kc3 61. Kxa3 e1=Q 62. Ka2 Qe5 63. Ka3
Qa5# { White checkmated } 0-1

[Event "ICC tourney 2533 (25 5)"]
[Site "Internet Chess Club"]
[Date "2021.04.24"]
[Round "1"]
[White "RAMASAMY, KAVIN:K09-16465450"]
[Black "LEE, JAYDEN:K09-15757981"]
[Result "1-0"]
[ICCResult "Black checkmated"]
[WhiteElo "915"]
[BlackElo "2106"]
[Opening "Réti: King's Indian attack"]
[ECO "A05"]
[NIC "QP.11"]
[Time "11:02:06"]
[PlyCount "99"]
[TimeControl "1500+5"]

1. Nf3 Nf6 2. g3 g6 3. Bg2 Bg7 4. O-O O-O 5. d3 d6 6. Nbd2 e5 7. e4 Nbd7 8.
b3 Nh5 9. Bb2 f5 10. exf5 gxf5 11. Re1 Nhf6 12. Bh3 Nc5 13. d4 exd4 14.
Nxd4 Nfe4 15. Rb1 d5 16. Bxf5 Bxf5 17. Nxf5 Rxf5 18. Bxg7 Kxg7 19. h4 Qf6
20. Qg4+ Kh8 21. Nxe4 Nxe4 22. c4 Qd4 23. Qxf5 Rg8 24. Kg2 Qd2 25. Re3 Qc2
26. Rf3 Re8 27. Re1 Qd2 28. Ree3 Qd4 29. cxd5 c5 30. Rf4 Rd8 31. Rfxe4 Qxd5
32. Qxd5 Rxd5 33. Re7 b5 34. Rxa7 Rd8 35. Rb7 b4 36. Re5 Rc8 37. f4 c4 38.
bxc4 b3 39. axb3 h5 40. f5 Kg8 41. Ree7 Rd8 42. Rg7+ Kh8 43. Rh7+ Kg8 44.
Rbg7+ Kf8 45. Rf7+ Kg8 46. Rfg7+ Kf8 47. f6 Rd2+ 48. Kh3 Rh2+ 49. Kxh2 Ke8
50. Rh8# { Black checkmated } 1-0

[Event "ICC tourney 2533 (25 5)"]
[Site "Internet Chess Club"]
[Date "2021.04.24"]
[Round "1"]
[White "PRASAD, ANKUR:K09-16588712"]
[Black "KALOUDIS, SEAN:K09-15106731"]
[Result "0-1"]
[ICCResult "White checkmated"]
[WhiteElo "704"]
[BlackElo "1714"]
[Opening "King's Indian: London system"]
[ECO "A48"]
[NIC "QP.03"]
[Time "11:03:25"]
[PlyCount "116"]
[TimeControl "1500+5"]

1. d4 Nf6 2. Nf3 g6 3. Bf4 Bg7 4. e3 O-O 5. Bd3 d5 6. c3 c5 7. Nbd2 Nc6 8.
Qc2 b6 9. O-O-O Bb7 10. Qa4 Rc8 11. dxc5 bxc5 12. Qb5 Qd7 13. Ne5 Nxe5 14.
Bxe5 Qxb5 15. Bxb5 Ng4 16. Bxg7 Kxg7 17. Rdf1 Rfd8 18. h3 Nf6 19. Kc2 d4
20. exd4 Bxg2 21. Ba6 Rc7 22. dxc5 Bxh1 23. Rxh1 Rxc5 24. Rd1 Rcd5 25. Bc4
R5d6 26. Be2 Nd5 27. Nc4 R6d7 28. Bg4 f5 29. Bf3 Nf4 30. Rxd7 Rxd7 31. Ne5
Rd6 32. Nc4 Re6 33. h4 h5 34. Ne3 Ra6 35. a3 e5 36. Bb7 Rb6 37. Bd5 Nxd5
38. Nxd5 Ra6 39. Nb4 Rd6 40. Nd3 Kf6 41. Nc5 Rd5 42. Nb7 Ke7 43. c4 Rd4 44.
Kc3 Rxh4 45. Kb4 Rh2 46. Na5 Rxf2 47. Kb5 Rxb2+ 48. Kc6 h4 49. Kd5 h3 50.
c5 h2 51. Nc6+ Ke8 52. Kxe5 h1=Q 53. Nd4 Qe4+ 54. Kf6 Qxd4+ 55. Kxg6 Qxc5
56. Kf6 Qd6+ 57. Kg7 Rg2+ 58. Kh7 Qh2# { White checkmated } 0-1

[Event "ICC tourney 2533 (25 5)"]
[Site "Internet Chess Club"]
[Date "2021.04.24"]
[Round "1"]
[White "KOGAN, NIKITA:K09-17190210"]
[Black "GOLSEFIDY, SEPEHR:K09-16686975"]
[Result "1/2-1/2"]
[ICCResult "Game drawn because neither player has mating material"]
[WhiteElo "820"]
[BlackElo "1882"]
[Opening "Ruy Lopez: exchange, Gligoric variation"]
[ECO "C69"]
[NIC "RL.08"]
[Time "11:03:46"]
[PlyCount "195"]
[TimeControl "1500+5"]

1. e4 e5 2. Nf3 Nc6 3. Bb5 a6 4. Bxc6 dxc6 5. O-O f6 6. d4 Bg4 7. dxe5 Qxd1
8. Rxd1 Bxf3 9. gxf3 fxe5 10. Nc3 Bd6 11. Bg5 h6 12. Be3 g5 13. a3 Nf6 14.
b4 Nh5 15. Na4 O-O 16. Kg2 Rf7 17. Nc5 b6 18. Nb3 Rf6 19. Rd3 Raf8 20. Bd2
Nf4+ 21. Bxf4 Rxf4 22. Rad1 g4 23. Nd2 h5 24. Rf1 Be7 25. fxg4 Rxg4+ 26.
Rg3 Bh4 27. Nf3 Bxg3 28. hxg3 Rxe4 29. Ng5 Rc4 30. Ne6 Rf7 31. Ng5 Re7 32.
Rc1 Rd7 33. Re1 Rd5 34. Re2 Rcd4 35. Nf3 Rc4 36. Nxe5 Rc3 37. Ng6 Kg7 38.
Nf4 Rd7 39. Nxh5+ Kg6 40. Nf4+ Kf5 41. Re8 Rxc2 42. Rf8+ Ke4 43. Re8+ Kd4
44. g4 Rf7 45. Ne2+ Kd3 46. Re3+ Kd2 47. Ng3 Rc4 48. g5 Rg4 49. Re5 Rgf4
50. g6 Rg7 51. Rg5 Rf8 52. Nh5 Re7 53. g7 Rg8 54. f4 Ke3 55. f5 Ke4 56. f6
Rf7 57. Kg3 Rd7 58. Nf4 Rf7 59. Ng6 Rfxg7 60. fxg7 Rxg7 61. Rg4+ Ke3 62.
Ne5 Rxg4+ 63. Nxg4+ Kd4 64. Kf4 Kc3 65. Ne5 Kb3 66. Nxc6 Kxa3 67. Ke5 Ka4
68. Kd5 Kb5 69. Nb8 a5 70. bxa5 bxa5 71. Nc6 a4 72. Nd4+ Kb4 73. Kc6 Kc4
74. Nb5 Kb4 75. Nd4 Kc3 76. Nb5+ Kc4 77. Na3+ Kc3 78. Nb5+ Kb4 79. Nd4 Ka3
80. Nb5+ Kb3 81. Nd4+ Kc4 82. Nb5 Kb4 83. Nd4 Ka5 84. Kxc7 a3 85. Nb3+ Kb4
86. Nc1 Kc3 87. Kb6 Kc2 88. Na2 Kb3 89. Nc1+ Kb2 90. Nd3+ Kc3 91. Nc1 Kd2
92. Na2 Kd3 93. Kb5 Kc2 94. Nb4+ Kb3 95. Kc5 Kc3 96. Kb5 Kb3 97. Ka5 a2 98.
Nxa2 { Game drawn because neither player has mating material } 1/2-1/2

[Event "ICC tourney 2533 (25 5)"]
[Site "Internet Chess Club"]
[Date "2021.04.24"]
[Round "1"]
[White "PAN, KEVIN:K09-14740822"]
[Black "BALU, JAYANTH:K09-15760188"]
[Result "1-0"]
[ICCResult "Black checkmated"]
[WhiteElo "2260"]
[BlackElo "940"]
[Opening "Ruy Lopez: Berlin defense, Beverwijk variation"]
[ECO "C64"]
[NIC "RL.01"]
[Time "11:02:12"]
[PlyCount "117"]
[TimeControl "1500+5"]

1. e4 e5 2. Nf3 Nc6 3. Bb5 Bc5 4. O-O Nf6 5. d3 d6 6. c3 O-O 7. Nbd2 Bg4 8.
Re1 a6 9. Ba4 b5 10. Bc2 d5 11. exd5 Qxd5 12. h3 Bh5 13. g4 Bg6 14. Qe2
Rfe8 15. Ne4 Nxe4 16. dxe4 Qe6 17. Bb3 Qd6 18. Rd1 Qe7 19. Bd5 Qd7 20. a4
Rab8 21. axb5 axb5 22. Ra6 Rb6 23. Rxb6 Bxb6 24. Qxb5 Bxe4 25. Ng5 Rb8 26.
Bxf7+ Qxf7 27. Nxf7 Bxf2+ 28. Kxf2 Rxb5 29. Rd7 Bg6 30. Rxc7 Bxf7 31. Rc8+
Be8 32. Rxe8+ Kf7 33. Rc8 Ne7 34. Rc7 Ke6 35. Kf3 Kd6 36. Ra7 Rb8 37. b4
Rc8 38. Bd2 h6 39. Ke4 Rc4+ 40. Kd3 Rc7 41. Ra6+ Kd7 42. Be3 Nd5 43. Bc5
Nf4+ 44. Ke4 Nxh3 45. Kxe5 Ng5 46. Kd5 Nf3 47. b5 Ne5 48. b6 Rc6 49. Ra7+
Kc8 50. Rxg7 Rxc5+ 51. Kxc5 Kb8 52. Kd6 Nc4+ 53. Kc6 Ne5+ 54. Kb5 Nd3 55.
c4 h5 56. gxh5 Kc8 57. h6 Kd8 58. h7 Ne5 59. h8=Q# { Black checkmated } 1-0

[Event "ICC tourney 2533 (25 5)"]
[Site "Internet Chess Club"]
[Date "2021.04.24"]
[Round "1"]
[White "GAW, CHLOE:K09-16608942"]
[Black "ROUCHKA, TOBY:K09-15518851"]
[Result "1-0"]
[ICCResult "Black checkmated"]
[WhiteElo "1719"]
[BlackElo "705"]
[Opening "King's Indian: Semi-Averbakh system"]
[ECO "E73"]
[NIC "KI.27"]
[Time "11:01:46"]
[PlyCount "91"]
[TimeControl "1500+5"]

1. d4 Nf6 2. c4 g6 3. Nc3 Bg7 4. e4 d6 5. Be2 O-O 6. Be3 c6 7. Nf3 e6 8.
Qd2 d5 9. e5 Ng4 10. Bf4 f6 11. exf6 Nxf6 12. h4 Nh5 13. Bg5 Qc7 14. O-O-O
Nd7 15. g3 e5 16. dxe5 Nxe5 17. Nxe5 Qxe5 18. Bxh5 gxh5 19. Bf4 Qe7 20.
cxd5 Bxc3 21. bxc3 cxd5 22. Qxd5+ Be6 23. Qd2 Qa3+ 24. Kb1 Rad8 25. Qb2 Qa5
26. Rhe1 Rxd1+ 27. Rxd1 Rf5 28. Ka1 Qa4 29. Rd8+ Kf7 30. Qxb7+ Kg6 31. Qb1
Qa5 32. Rd2 Qxc3+ 33. Qb2 Qa5 34. Re2 Bc4 35. Re7 Bf7 36. Re3 Qa6 37. Rc3
Be6 38. Be3 Rb5 39. Qc2+ Kf6 40. Bg5+ Ke5 41. Qe2+ Kd6 42. Qd3+ Ke5 43.
Bf4+ Kf6 44. Bg5+ Ke5 45. Rc5+ Bd5 46. Qxd5# { Black checkmated } 1-0

[Event "ICC tourney 2533 (25 5)"]
[Site "Internet Chess Club"]
[Date "2021.04.24"]
[Round "1"]
[White "SHETTY, DARSH:K09-16728985"]
[Black "SKY MOERLIEN, PUWIT:K09-15664335"]
[Result "1/2-1/2"]
[ICCResult "Game drawn by mutual agreement"]
[WhiteElo "680"]
[BlackElo "1671"]
[Opening "Giuoco Pianissimo: Italian four knights variation"]
[ECO "C50"]
[NIC "IG.02"]
[Time "11:01:12"]
[PlyCount "188"]
[TimeControl "1500+5"]

1. e4 e5 2. Nf3 Nc6 3. Bc4 Bc5 4. Nc3 Nf6 5. d3 d6 6. h3 Be6 7. Bb3 h6 8.
Be3 Bb6 9. O-O O-O 10. Qd2 Ba5 11. Rad1 d5 12. exd5 Nxd5 13. Bxd5 Bxd5 14.
Qe2 Bxc3 15. bxc3 Qf6 16. Nd2 Ne7 17. Nb3 b6 18. d4 Nf5 19. c4 exd4 20.
Nxd4 Bb7 21. Nxf5 Qxf5 22. Rd4 Rfe8 23. Qg4 Qxg4 24. Rxg4 h5 25. Rd4 c5 26.
Rd6 Ba6 27. Rfd1 Bxc4 28. a4 g6 29. a5 Re6 30. Rxe6 Bxe6 31. axb6 axb6 32.
Rb1 Ra6 33. Kf1 Bd5 34. f3 b5 35. Bxc5 Rc6 36. Be3 Rxc2 37. Rc1 Bc4+ 38.
Kg1 Re2 39. Bf2 Kf8 40. Re1 Rxf2 41. Kxf2 b4 42. Re4 Be6 43. Rxb4 Kg7 44.
Ke3 Kf6 45. g4 hxg4 46. hxg4 Kg7 47. Kf4 Bd7 48. Ke5 Bc6 49. f4 Bf3 50. g5
Bg4 51. Rb6 Bh3 52. Rf6 Bg4 53. Kd6 Be2 54. Ke7 Bc4 55. Rc6 Bb3 56. Rc5 Be6
57. Re5 Bb3 58. f5 gxf5 59. Rxf5 Be6 60. Rf6 Bb3 61. Rb6 Bc4 62. Rb4 Bd3
63. Rf4 Bg6 64. Rf6 Bh5 65. Rf4 Bg6 66. Kd6 Bc2 67. Ke7 Bg6 68. Rf6 Bh5 69.
Rf2 Bg6 70. Rd2 Be4 71. Rd7 Bg6 72. Rd8 Be4 73. Kd6 Bg6 74. Ke5 Bh5 75. Kf5
Bg6+ 76. Kg4 Bc2 77. Rd7 Bb1 78. Kh5 Bg6+ 79. Kh4 Bb1 80. Rd1 Bc2 81. Rg1
Bf5 82. Kh5 Bg6+ 83. Kg4 Bd3 84. Kf4 Bc2 85. Rg2 Bb1 86. Ke5 Bd3 87. Rd2
Bb1 88. Rd6 Bc2 89. Rf6 Bd3 90. Kd4 Bg6 91. Kd5 Bd3 92. Kd6 Bc2 93. Ke7 Bg6
94. Ke8 Bh5 { Game drawn by mutual agreement } 1/2-1/2

[Event "ICC tourney 2533 (25 5)"]
[Site "Internet Chess Club"]
[Date "2021.04.24"]
[Round "1"]
[White "NAGAICH, ARNAV:K09-16256926"]
[Black "SAFRANEK, WILLIAM:K09-15106903"]
[Result "1-0"]
[ICCResult "Black forfeits on time"]
[WhiteElo "828"]
[BlackElo "1900"]
[Opening "Vienna game"]
[ECO "C28"]
[NIC "VG.04"]
[Time "11:01:35"]
[PlyCount "139"]
[TimeControl "1500+5"]

1. e4 e5 2. Nc3 Nc6 3. Bc4 Nf6 4. d3 Bc5 5. f4 d6 6. h3 exf4 7. Bxf4 h6 8.
Nge2 Nh5 9. Bh2 Qh4+ 10. g3 Qxh3 11. Nd5 Qg2 12. Kd2 Nd4 13. Qf1 Qxe2+ 14.
Qxe2 Nxe2 15. Kxe2 Bg4+ 16. Kd2 O-O-O 17. Nf4 g5 18. Nxh5 Bxh5 19. Bg1 Bf3
20. Rh2 Bxg1 21. Rxg1 d5 22. Bxd5 f5 23. Be6+ Kb8 24. Bxf5 g4 25. Rh4 Rdg8
26. Rf1 Bg2 27. Rf4 h5 28. Be6 Rg5 29. Rf5 Rxf5 30. Bxf5 Bf3 31. Bg6 Kc8
32. Rxh5 Rg8 33. Bf5+ Kb8 34. Ke3 b6 35. Kf4 Kb7 36. Rh4 Bd1 37. c3 Rf8 38.
d4 Kc6 39. Ke3 Rg8 40. Be6 Rg6 41. d5+ Kd6 42. Kf4 Rf6+ 43. Kg5 Rf2 44.
Bxg4 Bxg4 45. Rxg4 Rxb2 46. Kf5 Rf2+ 47. Rf4 Rxa2 48. g4 a5 49. g5 a4 50.
g6 Ke7 51. Rg4 Rf2+ 52. Ke5 Rf8 53. g7 Rg8 54. Rg2 a3 55. c4 Kf7 56. Ra2
Ra8 57. Kd4 Kxg7 58. c5 Ra4+ 59. Ke5 b5 60. Ke6 b4 61. Rg2+ Kh6 62. d6 cxd6
63. cxd6 a2 64. Rh2+ Kg5 65. d7 Ra6+ 66. Kd5 Kf4 67. d8=Q a1=Q 68. Qb8+ Kf3
69. Rh3+ Ke2 70. Qh2+ { Black forfeits on time } 1-0

[Event "ICC tourney 2533 (25 5)"]
[Site "Internet Chess Club"]
[Date "2021.04.24"]
[Round "1"]
[White "MIXON, OZAN:K09-16976458"]
[Black "SILVA, JAVIER:K09-16089208"]
[Result "1/2-1/2"]
[ICCResult "Game drawn by mutual agreement"]
[WhiteElo "822"]
[BlackElo "1889"]
[Opening "Caro-Kann: advance variation"]
[ECO "B12"]
[NIC "CK.04"]
[Time "11:06:11"]
[PlyCount "108"]
[TimeControl "1500+5"]

1. e4 c6 2. d4 d5 3. e5 Bf5 4. Nf3 e6 5. Be2 Nd7 6. O-O c5 7. c3 Rc8 8. Be3
a6 9. Nbd2 Ne7 10. dxc5 Nxc5 11. c4 dxc4 12. Nxc4 Qxd1 13. Rfxd1 Nd5 14.
Rac1 Nxe3 15. Nxe3 Rd8 16. Rxd8+ Kxd8 17. Nxf5 exf5 18. Nd4 g6 19. Bc4 Ke7
20. b4 Bh6 21. Rc2 Nd7 22. e6 Ne5 23. Bb3 Rd8 24. Rc7+ Kf6 25. e7 Re8 26.
Rxb7 Rxe7 27. Rxe7 Kxe7 28. Kf1 Bg7 29. Nc2 Kd6 30. Ke2 f4 31. Na3 Kc6 32.
Nc4 f6 33. Nxe5+ fxe5 34. Kd3 Bf8 35. a3 a5 36. Ke4 axb4 37. axb4 Bxb4 38.
Kxe5 g5 39. Kf6 g4 40. Kf5 g3 41. hxg3 fxg3 42. fxg3 Kd6 43. Kg5 Bd2+ 44.
Kf6 h6 45. Kf5 Ke7 46. g4 Bg5 47. Ke5 Kd7 48. Kd5 Ke7 49. Ke5 Kd7 50. Be6+
Ke7 51. Kd5 Kf6 52. Bf5 Ke7 53. Ke5 Kf7 54. Kd6 Kf6 { Game drawn by mutual
agreement } 1/2-1/2

[Event "ICC tourney 2533 (25 5)"]
[Site "Internet Chess Club"]
[Date "2021.04.24"]
[Round "2"]
[White "ROLLEN GOINS, DEVIN:K09-17182980"]
[Black "KALIKIRI, SAKETH:K09-15532792"]
[Result "0-1"]
[ICCResult "White checkmated"]
[WhiteElo "477"]
[BlackElo "1181"]
[Opening "Giuoco Piano"]
[ECO "C50"]
[NIC "IG.02"]
[Time "13:11:43"]
[PlyCount "22"]
[TimeControl "1500+5"]

1. e4 e5 2. Nf3 Nc6 3. Bc4 Bc5 4. O-O d6 5. Nh4 Qxh4 6. Qf3 Nf6 7. d3 Nd4
8. Nc3 Nxf3+ 9. gxf3 Qh3 10. Bg5 Ng4 11. Nb5 Qxh2# { White checkmated } 0-1

[Event "ICC tourney 2533 (25 5)"]
[Site "Internet Chess Club"]
[Date "2021.04.24"]
[Round "2"]
[White "R N JOSEPH, CONNOR:K09-17248378"]
[Black "KOTA, SAMEER:K09-16435967"]
[Result "0-1"]
[ICCResult "White checkmated"]
[WhiteElo "918"]
[BlackElo "323"]
[Opening "Four knights: Italian variation"]
[ECO "C47"]
[NIC "KP.06"]
[Time "13:12:31"]
[PlyCount "30"]
[TimeControl "1500+5"]

1. e4 e5 2. Nf3 Nc6 3. Nc3 Nf6 4. Bc4 Nxe4 5. Nxe4 d5 6. Bxd5 Qxd5 7. Nc3
Qd8 8. d3 Bd6 9. Be3 O-O 10. O-O Be6 11. d4 exd4 12. Nxd4 Qh4 13. h3 Bxh3
14. gxh3 Qxh3 15. Qf3 Qh2# { White checkmated } 0-1

[Event "ICC tourney 2533 (25 5)"]
[Site "Internet Chess Club"]
[Date "2021.04.24"]
[Round "2"]
[White "NAVEEN, AARUSH:K09-16031675"]
[Black "KLEIN, JACOB:K09-15995270"]
[Result "1-0"]
[ICCResult "Black checkmated"]
[WhiteElo "1686"]
[BlackElo "1046"]
[Opening "Giuoco Piano: Greco's attack"]
[ECO "C54"]
[NIC "IG.02"]
[Time "13:11:42"]
[PlyCount "41"]
[TimeControl "1500+5"]

1. e4 e5 2. Nf3 Nc6 3. Bc4 Bc5 4. c3 Nf6 5. d4 exd4 6. cxd4 Bb4+ 7. Nc3
Bxc3+ 8. bxc3 Nxe4 9. O-O O-O 10. d5 Ne7 11. Re1 Nxc3 12. Qd4 Na4 13. Bg5
f6 14. d6+ Nd5 15. Bxd5+ Kh8 16. Qxa4 fxg5 17. dxc7 Qxc7 18. Nxg5 d6 19.
Nf7+ Rxf7 20. Re8+ Rf8 21. Rxf8# { Black checkmated } 1-0

[Event "ICC tourney 2533 (25 5)"]
[Site "Internet Chess Club"]
[Date "2021.04.24"]
[Round "2"]
[White "ZHU, AIDEN:K09-30141156"]
[Black "BRINTON, LEVI:K09-16967461"]
[Result "1-0"]
[ICCResult "Black resigns"]
[WhiteElo "1083"]
[BlackElo "516"]
[Opening "Four knights: Janowski variation"]
[ECO "C49"]
[NIC "KP.03"]
[Time "13:12:31"]
[PlyCount "39"]
[TimeControl "1500+5"]

1. e4 e5 2. Nf3 Nc6 3. Nc3 Nf6 4. Bb5 Bb4 5. O-O O-O 6. d3 Bxc3 7. bxc3 d6
8. Re1 Bd7 9. d4 exd4 10. cxd4 Nxd4 11. Bxd7 Nxf3+ 12. Qxf3 Qxd7 13. Bf4
Rfe8 14. Rad1 Rad8 15. e5 Ng4 16. h3 Nxe5 17. Bxe5 Rxe5 18. Rxe5 dxe5 19.
Rxd7 Rxd7 20. Qxb7 { Black resigns } 1-0

[Event "ICC tourney 2533 (25 5)"]
[Site "Internet Chess Club"]
[Date "2021.04.24"]
[Round "2"]
[White "HERKER, JASON:K09-15806028"]
[Black "DELGADO, RAPHAEL:K09-15177176"]
[Result "0-1"]
[ICCResult "White resigns"]
[WhiteElo "229"]
[BlackElo "913"]
[Opening "Sicilian defense"]
[ECO "B33"]
[NIC "SI.34"]
[Time "13:13:45"]
[PlyCount "36"]
[TimeControl "1500+5"]

1. e4 c5 2. Nf3 Nc6 3. d4 cxd4 4. Nxd4 Nf6 5. Nc3 a6 6. Be3 e6 7. Qd2 Be7
8. O-O-O O-O 9. f4 Bb4 10. Be2 Nxe4 11. Qd3 Nxc3 12. bxc3 Ba3+ 13. Kd2 b5
14. g4 Bb7 15. Rhg1 Na5 16. h4 Rc8 17. g5 Nc4+ 18. Ke1 Nb2 { White resigns
} 0-1

[Event "ICC tourney 2533 (25 5)"]
[Site "Internet Chess Club"]
[Date "2021.04.24"]
[Round "2"]
[White "RODRIGUEZ, KEYES:K09-16494792"]
[Black "SIRAVURI, ARYAN:K09-15570085"]
[Result "1-0"]
[ICCResult "Black checkmated"]
[WhiteElo "1195"]
[BlackElo "104"]
[Opening "Scotch game"]
[ECO "C45"]
[NIC "SO.04"]
[Time "13:11:20"]
[PlyCount "43"]
[TimeControl "1500+5"]

1. e4 e5 2. d4 Nc6 3. Nf3 exd4 4. Nxd4 Nxd4 5. Qxd4 c5 6. Qd1 Nf6 7. Nc3
Be7 8. e5 Ng8 9. Bc4 d6 10. exd6 Qxd6 11. Qxd6 Bxd6 12. Nb5 Be7 13. Nc7+
Kd8 14. Nxa8 b6 15. Bf4 Bb7 16. Nc7 Bxg2 17. Rg1 Be4 18. Rxg7 Bf6 19. Rxf7
Bxb2 20. Rd1+ Kc8 21. Ba6+ Kb8 22. Rd8# { Black checkmated } 1-0